 Dungeon Crawl Stone Soup version 0.31-a0-986-g5e6e4ef867 (webtiles) character file.

Game seed: 6496191174314920336

241 Jeffwins the Ruffian (level 6, -2/21 HPs)
             Began as a Vine Stalker Shapeshifter on Nov 13, 2023.
             Slain by an iguana (8 damage)
             ... on level 4 of the Dungeon.
             The game lasted 00:03:53 (2131 turns).

Jeffwins the Ruffian (Vine Stalker Shapeshifter)    Turns: 2131, Time: 00:03:53

Health: -2/21      AC:  3    Str: 16    XL:     6   Next: 8%
Magic:  0/9        EV: 12    Int: 12    God:
Gold:   200        SH:  0    Dex: 14    Spells: 8/8 levels left

rFire   . .          .
                       - Unarmed
rCold   . . .        (shield currently unavailable)
rNeg    . . .        g - +0 leather armour
rPois   +            (no helmet)
rElec   .            (no cloak)
rCorr   .            (no gloves)
SInv    .            (no boots)
Will    .....        (no amulet)
Stlth   +            P - ring of poison resistance
HPRegen 1.03/turn    (no ring)
MPRegen 0.11/turn

%: guardian spirit
@: flux-form, glowing
A: glow, contaminating, reduced hp, fangs 2, regeneration 1, magic shield,
antimagic bite, no potion heal 2
a: Begin Untransformation


You were on level 4 of the Dungeon.
You were something dangerously unstable.
You visited 1 branch of the dungeon, and saw 4 of its levels.

You collected 220 gold pieces.
You spent 20 gold pieces at shops.


Innate Abilities, Weirdness & Mutations

You are something dangerously unstable.
You glow with magical radiation, making you easy to see and hit.
Foes you strike become dangerously contaminated with magical radiation.
Your maximum health is decreased, since you lack skill for your form.
You are incapable of wielding weapons or throwing items.
You have extremely sharp teeth.
Your natural rate of healing is unusually fast.
When hurt, damage is shared between your health and your magic reserves.
Your bite disrupts and absorbs the magic of your enemies.
Potions cannot restore your health.


   Skills:
 + Level 1.3 Fighting
 + Level 2.3 Dodging
 + Level 2.6 Stealth
 * Level 4.3 Unarmed Combat
 + Level 1.5 Spellcasting
 * Level 4.0 Shapeshifting


You had 8 spell levels left.
You didn't know any spells.
Your spell library contained the following spells:

 Spells                   Type           Power      Damage    Failure   Level
 Slow                     Hex            0%         N/A       34%         1
 Confusing Touch          Hex            0%         N/A       71%         3
 Sigil of Binding         Hex            0%         N/A       71%         3
 Vampiric Draining        Necr           0%         2d6       71%         3

Inventory:

Hand Weapons
 f - a +1 short sword of electrocution
Armour
 a - a +0 animal skin
 g - a +0 leather armour (worn)
 l - a +2 plate armour of cold resistance
Jewellery
 I - a +6 ring of intelligence
 P - a ring of poison resistance (left hand)
 Z - a ring of wizardry
Talismans
 c - a beast talisman
 d - a flux talisman (active)
Scrolls
 e - 5 scrolls of identify {@r1}
 i - a scroll of fog {unknown}
 j - a scroll of immolation {unknown}
 n - a scroll of blinking {unknown}
 o - a scroll of enchant armour {unknown}
 p - a scroll of teleportation {unknown}
Potions
 b - a potion of lignification {!q}
 h - a potion of curing {unknown}
 k - 2 potions of degeneration {unknown}
 m - a potion of haste {unknown}

Dungeon Overview and Level Annotations

Branches:
Dungeon (4/15)
 Temple: D:4-7

Altars:
Ashenzari

Shops:
D:1 [   D:3 *

Annotations:
D:3 2 transporters, kd29's ghost, amateur GrEE

#.## #..)###...
...######......#..
#).^.....###..#..
#####...## ##..##
#####....####..(.
##.....##.........
#..##.............
#.###.#.#####.()#.
#p# ##### ######
#l#


gS# .... #.##. .. .# ... .. .#. .. You could see an iguana, a goblin and a ball
python.


Message History

The black bear is lightly wounded.
You hear an angry hiss.
A ball python comes into view.
The black bear barely misses you.
The black bear claws you but does no damage.
The black bear barely misses you.
A goblin comes into view. It is wielding a +0 club.
You hit the black bear.
The black bear glows dangerously bright.
You bite the black bear, but do no damage.
The black bear is lightly wounded.
The black bear misses you. The black bear closely misses you. x2
The iguana hisses menacingly.
Unknown command.
You barely miss the black bear.
The black bear is lightly wounded.
Unknown command.
You hit the black bear.
The black bear shudders as magic cascades through it!!
You kill the black bear!
Your Shapeshifting skill increases to level 4!
You have reached level 6!
Unknown command.
The iguana bites you!
You closely miss the iguana. The iguana bites you!
* * * LOW HITPOINT WARNING * * *
You are too injured to fight recklessly!
Unknown command.
You closely miss the iguana. The iguana bites you!
You die...

Skill      XL: |  1  2  3  4  5 |
---------------+----------------+-----
Stealth        | 1 2 |  2.6
Dodging        | 2 |  2.3
Spellcasting   | 1 |  1.5
Fighting       | 1 |  1.3
Unarmed Combat | 4 |  4.3
Shapeshifting  | 4 |  4.0

Action                     |  1- 3 |  4- 6 || total
---------------------------+-------+-------++-------
  Melee: Unarmed           |   100 |    81 ||   181
         Bite              |    24 |    28 ||    52
         Punch             |     1 |     2 ||     3
   Stab: Sleeping          |     6 |       ||     6
 Armour: Animal skin       |    23 |       ||    23
         Leather armour    |    23 |    64 ||    87
  Dodge: Dodged            |    51 |    49 ||   100
   Form: Flux              |       |     1 ||     1

Levels and vault maps discovered:
D:1:      spicycebolla_arrival_clurvy, layout_loops_ring, serial_shops, shop
D:2:      layout_basic, minmay_fountain_box
D:3:      layout_basic, serial_shops, shop, gammafunk_ghost_arena,
          chequers_serial_rivers_room_b, grunt_decor_fettered
D:4:      layout_rooms, evilmike_ruin_ashenzari, lemuel_crystal_altar,
          hangedman_decor_diamond_cutter

Notes
Turn   | Place    | Note
-------+----------+-------------------------------------------
     0 | D:1      | Jeffwins the Vine Stalker Shapeshifter began the quest for
                  | the Orb.
     0 | D:1      | Reached XP level 1. HP: 9/9 MP: 2/2
   159 | D:1      | Reached XP level 2. HP: 14/14 MP: 3/3
   409 | D:1      | Reached skill level 1 in Stealth
   499 | D:1      | Reached XP level 3. HP: 17/17 MP: 4/4
   723 | D:1      | Found Ownu's Armour Shop.
  1549 | D:3      | Found Kaplurch's General Store.
  1553 | D:3      | Bought a scroll of identify for 20 gold pieces
  1568 | D:3      | Reached XP level 4. HP: 21/21 MP: 5/5
  1584 | D:3      | Reached skill level 2 in Dodging
  1734 | D:3      | Found a transporter.
  1738 | D:3      | Noticed kd29's ghost (amateur GrEE)
  1739 | D:3      | Noticed a kobold brigand
  1766 | D:3      | Found a transporter.
  1989 | D:4      | Reached skill level 2 in Stealth
  2002 | D:3      | Reached skill level 1 in Spellcasting
  2009 | D:3      | Reached skill level 1 in Fighting
  2017 | D:3      | Reached skill level 4 in Unarmed Combat
  2017 | D:3      | Reached XP level 5. HP: 19/25 MP: 5/7
  2055 | D:4      | Found a broken altar of Ashenzari.
  2118 | D:4      | Noticed a black bear
  2128 | D:4      | Killed a black bear
  2129 | D:4      | Reached skill level 4 in Shapeshifting
  2129 | D:4      | Reached XP level 6. HP: 21/30 MP: 7/9
  2131 | D:4      | Slain by an iguana

Vanquished Creatures
  A black bear (D:4)
  An orc wizard (D:3)
  3 adders
  A shadow imp (D:3)
  2 dart slugs
  5 orcs
  7 ball pythons
  4 bats
  6 endoplasms
  5 giant cockroaches
  4 goblins
  8 hobgoblins
  6 jackals
  8 kobolds
  2 quokkas
  A frilled lizard (D:1)
  6 rats
70 creatures vanquished.

Table legend: (Time is in decaauts)
 A = Elapsed time spent in this place.
 B = Non-inter-level travel time spent in this place.
 C = Inter-level travel time spent in this place.
 D = Time resting spent in this place.
 E = Time spent auto-exploring this place.
 F = Levels seen in this place.
 G = Mean time per level.
                   A        B        C        D        E       F      G
               +--------+--------+--------+--------+--------+-----+--------+
         Total |   2121 |   2085 |     36 |     18 |   1590 |   4 |  530.2 |
       Dungeon |   2121 |   2085 |     36 |     18 |   1590 |   4 |  530.2 |
               +--------+--------+--------+--------+--------+-----+--------+

Top non-repeatable levels by time:
     D:1: 780 daAuts
     D:2: 761 daAuts
     D:3: 450 daAuts
     D:4: 129 daAuts

Table legend:
 A = Non-vault XP
 B = Vault XP
 C = Vault XP percentage of total XP
 D = Non-vault monster count
 E = Vault monster count
 F = Vault count percentage of total count
                 A         B        C        D         E       F
            +---------+---------+-------+---------+---------+-------
      Total |     345 |       0 |   0.0 |      70 |       0 |   0.0
            +---------+---------+-------+---------+---------+-------
        D:1 |      45 |       0 |   0.0 |      24 |       0 |   0.0
        D:2 |      36 |       0 |   0.0 |      14 |       0 |   0.0
        D:3 |      98 |       0 |   0.0 |      17 |       0 |   0.0
        D:4 |     166 |       0 |   0.0 |      15 |       0 |   0.0
            +---------+---------+-------+---------+---------+-------
